 Dungeon Crawl Stone Soup version 0.29-a0-317-gd16b76e6b1 (webtiles) character file.

Game seed: 1735663217454932255

76 Ijustatesigmund the Skirmisher (level 4, -7/30 HPs)
             Began as a Gargoyle Fighter on Mar 30, 2022.
             Killed by divine providence
             ... invoked by an orc priest
              (15 damage)
             ... on level 6 of the Dungeon.
             The game lasted 00:02:22 (2060 turns).

Ijustatesigmund the Skirmisher (Gargoyle Fighter)   Turns: 2060, Time: 00:02:22

Health: -7/30      AC: 12    Str: 19    XL:     4   Next: 32%
Magic:  4/4        EV:  9    Int: 11    God:
Gold:   118        SH:  4    Dex:  9    Spells: 3/3 levels left

rFire   . . .      SeeInvis .   a - +0 flail
rCold   . . .      Faith    .   c - +0 buckler
rNeg    + . .      Spirit   .   b - +0 scale mail
rPois   ∞          Reflect  .   (no helmet)
rElec   +          Harm     .   (no cloak)
rCorr   .          Rampage  .   (no gloves)
Will    .....                   f - +1 pair of boots
Stlth   ..........              (no amulet)
HPRegen 0.10/turn               (no ring)
MPRegen 0.09/turn               (no ring)

@: mighty, attractive, invisible
A: sickness immunity, AC +3, negative energy resistance 1, electricity
resistance, torment resistance 1, petrification resistance
a: no special abilities


You were on level 6 of the Dungeon.
You visited 1 branch of the dungeon, and saw 4 of its levels.

You collected 118 gold pieces.

Inventory:

Hand Weapons
 a - a +0 flail (weapon)
Armour
 b - a +0 scale mail (worn)
 c - a +0 buckler (worn)
 f - a +1 pair of boots (worn)
Jewellery
 l - a ring of fire
Scrolls
 j - a scroll of magic mapping {unknown}
 n - a scroll of blinking {unknown}
Potions
 h - a potion of brilliance {unknown}
 i - a potion of berserk rage {unknown}
 m - a potion of heal wounds {unknown}


   Skills:
 + Level 4.5 Fighting
 + Level 3.4 Maces & Flails
 - Level 3.2 Armour
 - Level 3.2 Shields


You had 3 spell levels left.
You didn't know any spells.
Your spell library contained the following spells:

 Spells                   Type           Power      Damage    Failure   Level
 Animate Skeleton         Necr           0%         N/A       80%         1
 Apportation              Tloc           0%         N/A       80%         1
 Summon Small Mammal      Summ           0%         N/A       80%         1
 Ensorcelled Hibernation  Hex/Ice        0%         N/A       91%         2
 Passwall                 Tmut/Erth      0%         N/A       91%         2
 Dazzling Flash           Conj/Hex       0%         N/A       99%         3
 Swiftness                Air            0%         N/A       99%         3
 Agony                    Necr           0%         N/A       100%        5
 Silence                  Hex/Air        0%         N/A       100%        5


Dungeon Overview and Level Annotations

Branches:
Dungeon (3/15)

Altars:


Innate Abilities, Weirdness & Mutations

You are immune to sickness and miasma.
Your stone body is resilient. (AC +3)
You are immune to poison.
You resist negative energy. (rN+)
You are resistant to electric shocks. (rElec)
You are resistant to unholy torment.
You are immune to petrification.


Message History

You are too injured to fight recklessly!
You are too injured to fight recklessly!
You are too injured to fight recklessly!
You are too injured to fight recklessly!
You are too injured to fight recklessly!
You are too injured to fight recklessly!
You are too injured to fight recklessly!
You are too injured to fight recklessly!
You are too injured to fight recklessly!
You are too injured to fight recklessly!
You are too injured to fight recklessly!
You are too injured to fight recklessly!
You are too injured to fight recklessly!
You feel very mighty all of a sudden.
The orc priest mumbles some strange prayers to Beogh against you.
Beogh smites you!
* * * LOW HITPOINT WARNING * * *
You block the orc's attack.
You barely miss the orc.
The orc priest looks braver for a moment.
The orc barely misses you.
You hit the orc.
The orc is almost dead.
The orc hits you but does no damage. x2
It was a potion of attraction.
You feel attractive to monsters. The orc completely misses you.
It was a potion of curing.
You feel better. The orc hits you but does no damage.
It was a potion of invisibility.
You fade into invisibility!
The orc priest invokes the aid of Beogh against you.
The orc writhes in agony!
The orc dies!
You sock the orc priest!
The orc priest is severely wounded.
The orc priest calls down the wrath of Beogh upon you.
Beogh smites you!
Ouch! That really hurt!
You die...

## ..# #.
#.# #. #.# #
#. #.###.#
#. ##..@oo#
#. #...####
#. #...#
##.####...##
#..........+
############


You could see 2 orc priests.

Vanquished Creatures
  Natasha (D:2)
  An ufetubus (D:3)
  3 worms (D:2)
  2 ball pythons
  3 endoplasms (D:1)
  4 giant cockroaches
  4 goblins
  4 hobgoblins
  2 quokkas
  2 bats (D:2)
  2 kobolds (D:1)
  6 rats
34 creatures vanquished.

Vanquished Creatures (others)
  An orc (D:6)
1 creature vanquished.

Grand Total: 35 creatures vanquished

Notes
Turn   | Place    | Note
-------+----------+-------------------------------------------
     0 | D:1      | Ijustatesigmund the Gargoyle Fighter began the quest for
                  | the Orb.
     0 | D:1      | Reached XP level 1. HP: 14/14 MP: 1/1
   145 | D:1      | Found a faded altar of an unknown god.
   427 | D:1      | Reached XP level 2. HP: 18/19 MP: 2/2
  1418 | D:2      | Reached XP level 3. HP: 24/24 MP: 3/3
  1459 | D:2      | Reached skill level 4 in Fighting
  1582 | D:2      | Noticed Natasha
  1587 | D:2      | Killed Natasha
  1724 | D:2      | Reached XP level 4. HP: 30/30 MP: 4/4
  2039 | D:3      | You fall into a shaft and drop 3 floors!
  2060 | D:6      | Killed from afar by an orc priest

Illustrated notes

Levels and vault maps discovered:
D:1:      dreamdust_arrival_sigmund_warning, layout_basic,
          basic_ecumenical_altar, minmay_shallow_snake_nest
D:2:      layout_loops_cross, minmay_misc_feat_encased,
          ebering_dispersal_statue_hall, minmay_box_of_dots, uniq_natasha
D:3:      layout_rooms, serial_shops, nicolae_square_shop,
          gammafunk_ghost_arena, interstate_on_off, uniq_ijyb
D:6:      layout_basic, amcnicky_altar_lugonu_corruption

Skill      XL: |  1  2  3 |
---------------+----------+-----
Fighting       | 4 |  4.5
Maces & Flails | 3 |  3.4
Armour         | |  3.2
Shields        | |  3.2

Action                   |  1- 3 |  4- 6 || total
-------------------------+-------+-------++-------
Melee: Flail             |    82 |    39 ||   121
       Unarmed           |     3 |       ||     3
  Use: Scroll            |     1 |       ||     1
       Potion            |       |     4 ||     4
Armor: Scale mail        |    33 |    24 ||    57
Dodge: Dodged            |    35 |    24 ||    59
Block: Buckler           |    16 |    12 ||    28

Table legend: (Time is in decaauts)
 A = Elapsed time spent in this place.
 B = Non-inter-level travel time spent in this place.
 C = Inter-level travel time spent in this place.
 D = Time resting spent in this place.
 E = Time spent auto-exploring this place.
 F = Levels seen in this place.
 G = Mean time per level.
                   A        B        C        D        E       F      G
               +--------+--------+--------+--------+--------+-----+--------+
         Total |   2096 |   2058 |     38 |    236 |   1523 |   4 |  524.0 |
       Dungeon |   2096 |   2058 |     38 |    236 |   1523 |   4 |  524.0 |
               +--------+--------+--------+--------+--------+-----+--------+

Top non-repeatable levels by time:
     D:1: 992 daAuts
     D:2: 918 daAuts
     D:3: 163 daAuts
     D:6: 22 daAuts
